[Event "Team 45 45 League T94"]
[Site "Internet Chess Club"]
[Date "2022.10.29"]
[Round "3"]
[White "hewdondada"]
[Black "BuddyT"]
[Result "0-1"]
[WhiteElo "1638"]
[BlackElo "1673"]
[Opening "Nimzo-Indian: classical, Noa variation"]
[ECO "E34"]
[Time "12:03:38"]
[PlyCount "96"]
[TimeControl "2700+45"]

1. d4 e6 2. c4 Nf6 3. Nc3 Bb4 4. Qc2 d5 5. Nf3 O-O 6. Bg5 h6 7. Bh4 b6 8. e3 Bb7
9. cxd5 Bxd5 10. Be2 Nbd7 11. O-O Bxc3 12. bxc3 c5 13. Ne5 Qc7 14. f4 cxd4 15.
exd4 Rac8 16. Rac1 Qb7 17. Bf3 Nxe5 18. Bxd5 Nxd5 19. fxe5 Ne3 20. Qe2 Nxf1 21.
Kxf1 Qd5 22. Be7 Rfe8 23. Bd6 Qc4 24. Qxc4 Rxc4 25. Ke2 Rec8 26. Kd3 b5 27. a3
a5 28. Rc2 Ra4 29. Rb2 b4 30. axb4 axb4 31. Bxb4 Rca8 32. Rc2 f5 33. exf6 gxf6
34. h4 h5 35. g3 Kf7 36. Bd6 Rd8 37. Bc5 Kg6 38. Ke3 Ra1 39. c4 Rg1 40. Kf2 Rd1
41. Ke2 Rb1 42. Rc3 Rb2+ 43. Kf3 Kf5 44. Ba7 Ra8 45. Bc5 Raa2 46. d5 e5 47. d6
Re2 48. g4+ hxg4+ {White resigns} 0-1

[Event "Team 45 45 League T94"]
[Site "Internet Chess Club"]
[Date "2022.10.29"]
[Round "3"]
[White "ChessG2011"]
[Black "howah45"]
[Result "0-1"]
[WhiteElo "1329"]
[BlackElo "1451"]
[Opening "Giuoco Piano"]
[ECO "C50"]
[Time "15:00:20"]
[PlyCount "52"]
[TimeControl "2700+45"]

1. e4 e5 2. Nf3 Nc6 3. Bc4 Bc5 4. O-O Nf6 5. Nc3 d6 6. h3 O-O 7. d3 Na5 8. Bb3
Nxb3 9. axb3 Bb6 10. Bg5 c6 11. Nh2 h6 12. Bh4 g5 13. Bg3 Kh7 14. Qd2 Nh5 15.
Ne2 f5 16. exf5 Bxf5 17. Ng4 Qd7 18. Ne3 Bxh3 19. gxh3 Qxh3 20. Bh2 Rxf2 21.
Kxf2 Rf8+ 22. Nf4 exf4 23. Ke2 fxe3 24. Qc3 Qxh2+ 25. Ke1 Rxf1+ 26. Kxf1 Qf2#
{White checkmated} 0-1

[Event "Team 45 45 League T94"]
[Site "Internet Chess Club"]
[Date "2022.10.30"]
[Round "3"]
[White "Goli"]
[Black "ElValero"]
[Result "1-0"]
[WhiteElo "1825"]
[BlackElo "1718"]
[Opening "Scandinavian (center counter) defense"]
[ECO "B01"]
[Time "12:00:27"]
[PlyCount "69"]
[TimeControl "2700+45"]

1. e4 d5 2. exd5 Qxd5 3. Nc3 Qd8 4. d4 Nf6 5. Nf3 Bg4 6. Be2 e6 7. O-O Be7 8.
Be3 O-O 9. h3 Bh5 10. Ne5 Bxe2 11. Qxe2 c6 12. Ng4 Nbd7 13. a3 Nd5 14. Nxd5 cxd5
15. Qd3 Nf6 16. Nxf6+ Bxf6 17. c3 Qd7 18. f4 Rfe8 19. Rf3 g6 20. g4 Bg7 21. Kg2
b5 22. Rh1 a5 23. Bd2 b4 24. cxb4 axb4 25. Bxb4 Rac8 26. Bc3 Qa7 27. h4 Qa4 28.
h5 Rc4 29. hxg6 fxg6 30. Rfh3 Qd7 31. Rxh7 Qf7 32. Qh3 Kf8 33. Bb4+ Rxb4 34.
axb4 Qxf4 35. Rf1 {Black resigns} 1-0

[Event "Team 45 45 League T94"]
[Site "Internet Chess Club"]
[Date "2022.10.28"]
[Round "3"]
[White "julesraider"]
[Black "cysk"]
[Result "1/2-1/2"]
[WhiteElo "1617"]
[BlackElo "1692"]
[Opening "Dutch defense"]
[ECO "A81"]
[Time "20:19:50"]
[PlyCount "41"]
[TimeControl "2700+45"]

1. d4 f5 2. g3 Nf6 3. Bg2 e6 4. Nf3 d5 5. O-O Bd6 6. Nbd2 O-O 7. b3 c6 8. Bb2
Nbd7 9. c4 b6 10. Rc1 Bb7 11. a3 Qe7 12. b4 c5 13. Ne5 cxd4 14. Nxd7 Nxd7 15.
cxd5 Bxd5 16. Bxd4 Bxg2 17. Kxg2 e5 18. Qb3+ Kh8 19. Ba1 Rac8 20. Rxc8 Rxc8 21.
Rd1 {Game drawn by mutual agreement} 1/2-1/2

[Event "Team 45 45 League T94"]
[Site "Internet Chess Club"]
[Date "2022.10.28"]
[Round "3"]
[White "ChessMaine"]
[Black "kabindra"]
[Result "0-1"]
[WhiteElo "1424"]
[BlackElo "1556"]
[Opening "Queen's gambit accepted"]
[ECO "D20"]
[Time "18:00:28"]
[PlyCount "96"]
[TimeControl "2700+45"]

1. d4 d5 2. c4 dxc4 3. e3 e5 4. Bxc4 exd4 5. Nf3 Bb4+ 6. Bd2 Bc5 7. O-O dxe3 8.
Re1 Nf6 9. Qb3 O-O 10. Bxe3 Bxe3 11. Rxe3 c6 12. Ng5 Nd5 13. Nc3 Qxg5 14. Bxd5
cxd5 15. Nxd5 Be6 16. Rd1 Nc6 17. Rg3 Qe5 18. f4 Bxd5 19. Qxd5 Qxd5 20. Rxd5
Rad8 21. Rxd8 Rxd8 22. Re3 Kf8 23. Re2 Rd1+ 24. Kf2 Nd4 25. Re4 Ne6 26. f5 Nc5
27. Rc4 b6 28. b4 Na4 29. Ke3 b5 30. Rc7 Ra1 31. Rxa7 Rxa2 32. Kd4 Rb2 33. Kd5
Rxb4 34. Kd6 Rd4+ 35. Kc7 Nc3 36. Kc6 Rc4+ 37. Kd7 Rd4+ 38. Kc6 Rd8 39. Rb7 f6
40. g4 h6 41. h4 Rd4 42. Rb8+ Kf7 43. Kc5 Rxg4 44. Kd6 Rxh4 45. Rc8 Rd4+ 46. Kc6
Rc4+ 47. Kd7 Rxc8 48. Kxc8 b4 {White resigns} 0-1

[Event "Team 45 45 League T94"]
[Site "Internet Chess Club"]
[Date "2022.10.29"]
[Round "3"]
[White "burlap"]
[Black "blind-warrior"]
[Result "1/2-1/2"]
[WhiteElo "1448"]
[BlackElo "1132"]
[Opening "Queen's pawn: London system"]
[ECO "A45"]
[Time "21:00:41"]
[PlyCount "102"]
[TimeControl "2700+45"]

1. d4 Nf6 2. Bf4 d6 3. e3 g6 4. Nd2 Nbd7 5. h3 Bg7 6. Ngf3 O-O 7. Be2 Re8 8. O-O
e5 9. dxe5 dxe5 10. Bh2 h6 11. e4 Nh5 12. Nc4 Nf4 13. Re1 Nxe2+ 14. Qxe2 b5 15.
Ne3 c6 16. Rad1 Qe7 17. c3 Nc5 18. Qc2 Qf8 19. b4 Na4 20. Rd2 Bb7 21. Ng4 f6 22.
Rd7 Re7 23. Red1 Nb6 24. Rxe7 Qxe7 25. a3 a5 26. Nh4 Kh7 27. Qd3 axb4 28. cxb4
Nc4 29. Qd7 Re8 30. Qxe7 Rxe7 31. Rd3 Bc8 32. Ne3 Nxe3 33. Rxe3 Rd7 34. g4 Rd1+
35. Kg2 Be6 36. Rc3 Bc4 37. Bg1 Bf1+ 38. Kh2 Bc4 39. f3 Rd2+ 40. Kg3 Rd3 41.
Rxd3 Bxd3 42. Be3 Bc4 43. Ng2 g5 44. h4 Be6 45. hxg5 fxg5 46. Bb6 Kg6 47. Ne3 h5
48. gxh5+ Kxh5 49. Bc5 Bf6 50. Ng4 Bxg4 51. fxg4+ Kg6 {Game drawn by mutual
agreement} 1/2-1/2

[Event "Team 45 45 League T94"]
[Site "Internet Chess Club"]
[Date "2022.10.31"]
[Round "3"]
[White "Alec-hine"]
[Black "VictorRed"]
[Result "1-0"]
[WhiteElo "1795"]
[BlackElo "1716"]
[Opening "QGD Slav: exchange variation"]
[ECO "D13"]
[Time "17:00:34"]
[PlyCount "83"]
[TimeControl "2700+45"]

1. d4 d5 2. c4 c6 3. cxd5 cxd5 4. Nf3 Nf6 5. Nc3 e6 6. Bf4 Be7 7. e3 O-O 8. Bd3
Nc6 9. O-O Nd7 10. Rc1 f5 11. h3 g5 12. Bh2 Rf7 13. Nb5 f4 14. exf4 gxf4 15. Re1
a6 16. Nc3 Nf8 17. Kh1 Bd6 18. Na4 Qf6 19. Bb1 Nd7 20. a3 Nd8 21. Qe2 b5 22. Nc5
Nxc5 23. dxc5 Bc7 24. c6 Rg7 25. Ba2 Nf7 26. Bxd5 Kh8 27. Be4 Nd6 28. Bd3 Nf5
29. Bxf5 Qxf5 30. Qe4 Qf6 31. Ne5 Bxe5 32. Qxe5 Qg6 33. Qe4 Raa7 34. Bxf4 Qxe4
35. Rxe4 Kg8 36. Rd1 Rgf7 37. Be5 h5 38. Re3 Rf8 39. c7 Bb7 40. Rg3+ Kh7 41.
Rd7+ Kh6 42. Bg7+ {Black resigns} 1-0

[Event "Team 45 45 League T94"]
[Site "Internet Chess Club"]
[Date "2022.10.31"]
[Round "3"]
[White "Sandrotov"]
[Black "Gilguli"]
[Result "1-0"]
[WhiteElo "1586"]
[BlackElo "1412"]
[Opening "Scotch gambit"]
[ECO "C44"]
[Time "16:46:09"]
[PlyCount "133"]
[TimeControl "2700+45"]

1. e4 e5 2. Nf3 Nc6 3. d4 exd4 4. Bc4 g6 5. Nxd4 Bg7 6. Nxc6 bxc6 7. O-O Ne7 8.
Re1 O-O 9. Nc3 h6 10. Bf4 g5 11. Bg3 Ng6 12. Rb1 d6 13. Qh5 Kh7 14. h3 Ne5 15.
Bb3 Bb7 16. Rbd1 c5 17. a3 c6 18. f4 gxf4 19. Bxf4 c4 20. Bxe5 cxb3 21. Rxd6
Qb6+ 22. Kh1 f6 23. Qf5+ Kg8 24. Bd4 Qc7 25. Rd7 Qc8 26. Qe6+ Kh8 27. Qe7 Rg8
28. Rxb7 bxc2 29. Bxf6 Qf8 30. Qxf8 Raxf8 31. Bxg7+ Rxg7 32. Rxg7 Kxg7 33. Rc1
Rf2 34. Kg1 Rd2 35. Kf1 Kf6 36. g3 Ke5 37. Ke1 Rh2 38. h4 Kd4 39. Ne2+ Ke3 40.
Ng1 Kxe4 41. g4 Rg2 42. Kf1 Rh2 43. g5 hxg5 44. hxg5 Kf5 45. Ke1 c5 46. Kf1 c4
47. Ke1 Ke4 48. g6 Kd3 49. g7 Rg2 50. Nf3 Ke3 51. g8=Q Rxg8 52. Rxc2 Kxf3 53.
Rxc4 Rg1+ 54. Kd2 Rg2+ 55. Kc3 Rg7 56. b4 Ke3 57. Kb3 Kd3 58. Rh4 Rc7 59. b5 Rb7
60. Kb4 a6 61. a4 Rb6 62. Ka5 Rb8 63. Kxa6 Kc3 64. b6 Kb3 65. a5 Ra8+ 66. Kb5
Rb8 67. a6 {Black resigns} 1-0

[Event "Team 45 45 League T94"]
[Site "Internet Chess Club"]
[Date "2022.10.29"]
[Round "3"]
[White "ZenoElea"]
[Black "laurenpar"]
[Result "0-1"]
[WhiteElo "1785"]
[BlackElo "1928"]
[Opening "French: advance, Nimzovich system"]
[ECO "C02"]
[Time "20:00:54"]
[PlyCount "108"]
[TimeControl "2700+45"]

1. e4 e6 2. d4 d5 3. e5 c5 4. Nf3 cxd4 5. Nbd2 Nc6 6. Nb3 Qc7 7. Bb5 Bd7 8. Bxc6
bxc6 9. Nbxd4 c5 10. Nb3 Bb5 11. a4 Bc4 12. Nbd2 Ba6 13. c4 Ne7 14. O-O Nc6 15.
Re1 Rd8 16. Qe2 Be7 17. b3 Nb4 18. Rd1 O-O 19. Ba3 Nc2 20. Ra2 Nxa3 21. Rxa3 Qa5
22. Ra2 Qc3 23. Raa1 dxc4 24. bxc4 Rb8 25. Ne4 Qxc4 26. Qxc4 Bxc4 27. Rd7 Rfe8
28. Rxa7 Bd5 29. Nc3 Rb7 30. Rxb7 Bxb7 31. a5 Ra8 32. Nb5 Bd8 33. Nd6 Bxf3 34.
gxf3 Rxa5 35. Rxa5 Bxa5 36. Nc4 Bc3 37. Kf1 f6 38. exf6 gxf6 39. Ke2 Bd4 40. Nd6
Kf8 41. h3 Ke7 42. Nb5 Kd7 43. Nxd4 cxd4 44. Kd3 e5 45. f4 Ke6 46. fxe5 fxe5 47.
f4 exf4 48. Kxd4 Kf5 49. Kd3 Ke5 50. Ke2 Ke4 51. Kf2 h5 52. Ke2 f3+ 53. Kf2 Kf4
54. Kf1 Kg3 {White resigns} 0-1

[Event "Team 45 45 League T94"]
[Site "Internet Chess Club"]
[Date "2022.10.29"]
[Round "3"]
[White "primerpaso"]
[Black "martineden"]
[Result "1/2-1/2"]
[WhiteElo "1790"]
[BlackElo "1825"]
[Opening "English: closed system"]
[ECO "A25"]
[Time "10:35:04"]
[PlyCount "34"]
[TimeControl "2700+45"]

1. c4 e5 2. Nc3 Nc6 3. g3 g6 4. Bg2 Bg7 5. e3 Nge7 6. Nge2 O-O 7. O-O d6 8. b3
Be6 9. Nd5 Qd7 10. Bb2 f5 11. d4 Bxd5 12. cxd5 Nb4 13. Ba3 a5 14. Qd2 Qb5 15.
dxe5 dxe5 16. Rac1 e4 17. Nd4 Qxd5 {Game drawn by mutual agreement} 1/2-1/2

[Event "Team 45 45 League T94"]
[Site "Internet Chess Club"]
[Date "2022.10.27"]
[Round "3"]
[White "discipulo"]
[Black "fishhead"]
[Result "0-1"]
[WhiteElo "1692"]
[BlackElo "1720"]
[Opening "English, 1...Nf6 (Anglo-Indian defense)"]
[ECO "A15"]
[Time "13:00:16"]
[PlyCount "120"]
[TimeControl "2700+45"]

1. c4 Nf6 2. g3 c5 3. Bg2 Nc6 4. Nc3 g6 5. e3 Bg7 6. Nge2 Ne5 7. d3 h5 8. h4 d6
9. O-O O-O 10. b3 Rb8 11. d4 Neg4 12. f3 Nh6 13. e4 e5 14. dxe5 dxe5 15. Qc2 Qe7
16. Bg5 Qe6 17. Qd2 Kh7 18. Rad1 Nd7 19. Qd6 Qxd6 20. Rxd6 f6 21. Be3 Rf7 22.
Rfd1 Bf8 23. R6d3 f5 24. Bh3 Nf6 25. Kg2 Nhg4 26. Bg5 Be6 27. exf5 gxf5 28. Nd5
Nxd5 29. cxd5 Bd7 30. Kg1 Nf6 31. Nc3 Kg6 32. a4 b6 33. Kf2 a6 34. Bg2 Bd6 35.
R3d2 Nh7 36. f4 e4 37. Re1 b5 38. axb5 axb5 39. Ra2 Nxg5 40. hxg5 Rb6 41. Rea1
Be8 42. Ra6 Rfb7 43. Ra8 Bf7 44. Rh8 Kg7 45. Rh6 c4 46. Ke2 Bb4 47. Rxb6 Rxb6
48. Nd1 cxb3 49. Ne3 Kf8 50. Rb1 Bc3 51. Rxb3 b4 52. Bh3 Be8 53. Bxf5 Bb5+ 54.
Kd1 Bd3 55. g6 Ra6 56. Nc2 Ra2 57. Rxc3 bxc3 58. d6 Bxc2+ 59. Kc1 Bd3 60. d7
Ra1# {White checkmated} 0-1

[Event "Team 45 45 League T94"]
[Site "Internet Chess Club"]
[Date "2022.10.27"]
[Round "3"]
[White "QuieroAprender"]
[Black "Beetlejuice"]
[Result "0-1"]
[WhiteElo "1667"]
[BlackElo "1719"]
[Opening "Sicilian defense"]
[ECO "B30"]
[Time "13:04:06"]
[PlyCount "42"]
[TimeControl "2700+45"]

1. e4 c5 2. Nf3 Nc6 3. Be2 g6 4. c3 Bg7 5. d4 cxd4 6. cxd4 d5 7. e5 Bg4 8. Nc3
e6 9. h3 Bxf3 10. Bxf3 Nge7 11. g4 Qb6 12. Ne2 Rc8 13. a3 Na5 14. O-O O-O 15. h4
f6 16. exf6 Bxf6 17. Kg2 Qb3 18. g5 Bg7 19. Nc3 Nf5 20. Qxb3 Nxb3 21. Rb1 Nxh4+
{White resigns} 0-1

[Event "Team 45 45 League T94"]
[Site "Internet Chess Club"]
[Date "2022.10.29"]
[Round "3"]
[White "Tufnell"]
[Black "ElValero"]
[Result "1-0"]
[WhiteElo "1901"]
[BlackElo "1730"]
[Opening "French: Tarrasch, open variation"]
[ECO "C07"]
[Time "09:00:17"]
[PlyCount "31"]
[TimeControl "2700+45"]

1. e4 e6 2. d4 d5 3. Nd2 c5 4. exd5 Qxd5 5. dxc5 Bxc5 6. Ngf3 Nf6 7. Bc4 Qd8 8.
O-O O-O 9. Qe2 Nbd7 10. Nb3 Be7 11. Re1 Re8 12. Bf4 b6 13. Rad1 Bb7 14. Ne5 Qc8
15. Nxf7 Kxf7 16. Qxe6+ {Black resigns} 1-0

[Event "Team 45 45 League T94"]
[Site "Internet Chess Club"]
[Date "2022.10.27"]
[Round "3"]
[White "vollmerj"]
[Black "fireball"]
[Result "1-0"]
[WhiteElo "1466"]
[BlackElo "1567"]
[Opening "Réti opening"]
[ECO "A05"]
[Time "11:03:36"]
[PlyCount "53"]
[TimeControl "2700+45"]

1. Nf3 Nf6 2. g3 d5 3. Bg2 c5 4. O-O Nc6 5. d4 c4 6. c3 h6 7. Nbd2 Bf5 8. Re1 e6
9. b3 b5 10. a4 a6 11. axb5 axb5 12. Rxa8 Qxa8 13. bxc4 bxc4 14. Nh4 Bh7 15. e4
dxe4 16. Nxe4 Nxe4 17. Bxe4 Bxe4 18. Rxe4 Ne7 19. Re1 g5 20. Nf3 Bg7 21. Ne5
Bxe5 22. Rxe5 O-O 23. Qh5 Kg7 24. h4 Qa1 25. Qd1 gxh4 26. Bxh6+ Kxh6 27. Qxa1
{Black resigns} 1-0

[Event "Team 45 45 League T94"]
[Site "Internet Chess Club"]
[Date "2022.10.31"]
[Round "3"]
[White "Electryon"]
[Black "trogers41"]
[Result "1-0"]
[WhiteElo "1456"]
[BlackElo "1375"]
[Opening "English: Mikenas-Carls, Kevitz variation"]
[ECO "A18"]
[Time "11:00:18"]
[PlyCount "57"]
[TimeControl "2700+45"]

1. c4 Nf6 2. Nc3 e6 3. e4 Nc6 4. Nf3 Bb4 5. e5 Ng4 6. d4 Nh6 7. Bg5 Be7 8. Qd2
Bxg5 9. Nxg5 Nxd4 10. Nxh7 c5 11. Bd3 Nhf5 12. Ng5 Rh5 13. Nge4 d5 14. exd6 Nxd6
15. O-O-O Nxe4 16. Bxe4 Qb6 17. Ne2 e5 18. Nxd4 exd4 19. Qe2 Re5 20. f4 Re6 21.
Qf3 Rb8 22. Rhe1 Bd7 23. Bd5 Bc6 24. Rxe6+ fxe6 25. Qh5+ Ke7 26. Qg5+ Kf8 27.
Bxe6 Be8 28. Re1 Qd8 29. Qxc5+ {Black resigns} 1-0

[Event "Team 45 45 League T94"]
[Site "Internet Chess Club"]
[Date "2022.10.27"]
[Round "3"]
[White "BlueStorm"]
[Black "herrahuu"]
[Result "1-0"]
[WhiteElo "1549"]
[BlackElo "1478"]
[Opening "Old Benoni defense"]
[ECO "A43"]
[Time "09:00:22"]
[PlyCount "53"]
[TimeControl "2700+45"]

1. d4 c5 2. e3 d5 3. b3 Nc6 4. Nf3 Bg4 5. Nbd2 e6 6. h3 Bh5 7. Be2 Nf6 8. Bb2
Be7 9. O-O O-O 10. Re1 Qc7 11. dxc5 Bxc5 12. Nd4 Bxe2 13. Qxe2 Be7 14. Rac1 Rfb8
15. c4 dxc4 16. Rxc4 Qb6 17. Nxc6 bxc6 18. Rec1 c5 19. Qf3 Rc8 20. Ne4 Nxe4 21.
Qxe4 Rab8 22. Qg4 g6 23. Ba3 Rc6 24. Qe2 Rbc8 25. Qc2 a5 26. Bb2 Bf8 27. Qc3
{Black resigns} 1-0

[Event "Team 45 45 League T94"]
[Site "Internet Chess Club"]
[Date "2022.10.30"]
[Round "3"]
[White "DaveTheRook"]
[Black "CMAlge"]
[Result "1/2-1/2"]
[WhiteElo "1391"]
[BlackElo "1275"]
[Opening "Réti opening"]
[ECO "A05"]
[Time "13:31:24"]
[PlyCount "65"]
[TimeControl "2700+45"]

1. Nf3 Nf6 2. g3 d5 3. Bg2 c6 4. d3 Bf5 5. O-O h6 6. Nbd2 e6 7. a3 a5 8. Re1 Be7
9. Ne5 O-O 10. e4 Bh7 11. Ng4 Nbd7 12. e5 Ne8 13. Nf1 f5 14. exf6 Nexf6 15. Ne5
Bc5 16. Be3 Qe7 17. Nxd7 Nxd7 18. d4 Bd6 19. Qe2 Rae8 20. Nd2 e5 21. c3 a4 22.
Bh3 Nf6 23. Rac1 b5 24. Qf1 Qf7 25. Nf3 Qh5 26. Nxe5 Bxe5 27. dxe5 Rxe5 28. Bd4
Rxe1 29. Rxe1 Bf5 30. Bxf5 Qxf5 31. Re7 Qc2 32. Qe2 Qxe2 33. Rxe2 {Game drawn by
mutual agreement} 1/2-1/2

[Event "Team 45 45 League T94"]
[Site "Internet Chess Club"]
[Date "2022.10.29"]
[Round "3"]
[White "VictorRed"]
[Black "scostanzo212"]
[Result "1-0"]
[WhiteElo "1730"]
[BlackElo "1554"]
[Opening "Queen's pawn game, Darooha variation "]
[ECO "D02"]
[Time "20:16:10"]
[PlyCount "115"]
[TimeControl "2700+45"]

1. d4 d5 2. Nf3 Nf6 3. Nc3 c5 4. g3 h6 5. Bg2 Bf5 6. O-O e6 7. Nh4 Bh7 8. Nf3
Nc6 9. Re1 a6 10. e3 b5 11. Ne5 Qc7 12. Nxc6 Qxc6 13. Ne2 Bd6 14. c3 O-O 15. b3
Rfe8 16. c4 bxc4 17. bxc4 Rab8 18. cxd5 exd5 19. Ba3 c4 20. Bxd6 Qxd6 21. Nc3
Ne4 22. Nxe4 Bxe4 23. f3 Bd3 24. Qd2 Re7 25. Bf1 Bxf1 26. Kxf1 Qb4 27. Qc2 Qb2
28. Rac1 Qxc2 29. Rxc2 f5 30. e4 fxe4 31. fxe4 dxe4 32. Rxc4 Rb2 33. Re2 Rxe2
34. Kxe2 Kf7 35. Ke3 Re6 36. d5 Re5 37. Rd4 Ke7 38. Rxe4 Rxe4+ 39. Kxe4 g6 40.
Ke5 a5 41. h4 a4 42. a3 g5 43. hxg5 hxg5 44. g4 Kd7 45. d6 Kd8 46. Kf6 Kd7 47.
Kxg5 Kxd6 48. Kf6 Kc5 49. g5 Kc4 50. g6 Kb3 51. g7 Kxa3 52. g8=Q Kb2 53. Qg2+
Ka1 54. Qf3 Kb2 55. Qe2+ Ka1 56. Qd3 Kb2 57. Qb5+ Ka3 58. Ke5 {Black resigns}
1-0

[Event "Team 45 45 League T94"]
[Site "Internet Chess Club"]
[Date "2022.10.26"]
[Round "3"]
[White "Kingofknights"]
[Black "BrianWood"]
[Result "1/2-1/2"]
[WhiteElo "1510"]
[BlackElo "1513"]
[Opening "QGD: 4.Bg5"]
[ECO "D50"]
[Time "17:30:17"]
[PlyCount "30"]
[TimeControl "2700+45"]

1. d4 d5 2. c4 e6 3. Nc3 Nf6 4. Bg5 dxc4 5. e4 Be7 6. Bxc4 Nxe4 7. Bxe7 Nxc3 8.
Bxd8 Nxd1 9. Rxd1 Kxd8 10. d5 exd5 11. Rxd5+ Nd7 12. Rd3 Re8+ 13. Kd2 Ke7 14.
Nf3 Kf8 15. Re3 Rxe3 {Game drawn by mutual agreement} 1/2-1/2

[Event "Team 45 45 League T94"]
[Site "Internet Chess Club"]
[Date "2022.10.27"]
[Round "3"]
[White "Constrictor"]
[Black "Signofthetimes"]
[Result "0-1"]
[WhiteElo "1424"]
[BlackElo "1558"]
[Opening "QGD Slav: 4.Nc3"]
[ECO "D15"]
[Time "20:00:51"]
[PlyCount "56"]
[TimeControl "2700+45"]

1. Nf3 c6 2. d4 d5 3. c4 Nf6 4. Nc3 Bf5 5. e3 e6 6. Qb3 Qb6 7. Qxb6 axb6 8. a3
Be7 9. cxd5 exd5 10. Ne5 Nbd7 11. Bd3 Bxd3 12. Nxd3 O-O 13. O-O b5 14. Bd2 Nb6
15. Ne2 Nc4 16. Bc3 Ne4 17. Ra2 Nxc3 18. Nxc3 b6 19. Rfa1 Ra7 20. a4 b4 21. b3
Na5 22. Ne2 c5 23. Ndf4 Rd8 24. Rb2 c4 25. Rc1 Nxb3 26. Rxb3 cxb3 27. Rb1 Rxa4
28. Nd3 Rda8 {White resigns} 0-1

[Event "Team 45 45 League T94"]
[Site "Internet Chess Club"]
[Date "2022.10.27"]
[Round "3"]
[White "tightfist"]
[Black "pandaknight"]
[Result "1-0"]
[WhiteElo "1427"]
[BlackElo "1069"]
[Opening "Réti: Nimzovich-Larsen attack"]
[ECO "A06"]
[Time "20:30:42"]
[PlyCount "143"]
[TimeControl "2700+45"]

1. Nf3 d5 2. b3 c5 3. e3 Nc6 4. Bb2 Bg4 5. Be2 Nf6 6. O-O Bxf3 7. Bxf3 e5 8. d3
Be7 9. Nd2 O-O 10. c3 Qd7 11. Re1 d4 12. Qc2 Rfd8 13. exd4 exd4 14. Bxc6 bxc6
15. c4 Re8 16. Nf3 Bd6 17. Qd2 Qc7 18. g3 Nd7 19. b4 Ne5 20. Nxe5 Rxe5 21. Rxe5
Bxe5 22. bxc5 Rb8 23. Kg2 f5 24. f4 Bf6 25. Qf2 Qd7 26. Kf3 Kf7 27. Qd2 Be7 28.
Ba3 a6 29. Qa5 Qa7 30. Re1 Re8 31. Re5 g6 32. Bb2 Bd8 33. Qe1 Rxe5 34. Qxe5 Bf6
35. Qd6 Qe7 36. Qxe7+ Kxe7 37. g4 Ke6 38. h3 h6 39. a3 fxg4+ 40. hxg4 h5 41. g5
Bg7 42. Kg3 Kf5 43. Bc1 Bf8 44. a4 Bxc5 45. Bd2 Ba3 46. Ba5 Bc1 47. Bc7 Ke6 48.
Be5 Be3 49. Bc7 Kd7 50. Be5 Kc8 51. Kf3 Kb7 52. c5 a5 53. Kg3 Kc8 54. Kh4 Kd7
55. f5 gxf5 56. Kxh5 f4 57. Kg4 Ke6 58. Bxf4 Bxf4 59. Kxf4 Kf7 60. Ke4 Kg6 61.
Kxd4 Kxg5 62. Ke5 Kg6 63. Ke6 Kg7 64. d4 Kf8 65. Kd6 Ke8 66. Kxc6 Kd8 67. Kd6
Kc8 68. d5 Kd8 69. c6 Kc8 70. Ke7 Kc7 71. d6+ Kxc6 72. d7 {Black resigns} 1-0

[Event "Team 45 45 League T94"]
[Site "Internet Chess Club"]
[Date "2022.11.01"]
[Round "3"]
[White "ElValero"]
[Black "ARMAND02019"]
[Result "0-1"]
[WhiteElo "1696"]
[BlackElo "1591"]
[Opening "Sicilian, Chekhover variation"]
[ECO "B53"]
[Time "13:11:19"]
[PlyCount "112"]
[TimeControl "2700+45"]

1. e4 c5 2. Nf3 d6 3. d4 cxd4 4. Qxd4 Nc6 5. Bb5 Bd7 6. Bxc6 Bxc6 7. c4 e5 8.
Qd3 Nf6 9. Nc3 h6 10. O-O a6 11. Nh4 Nxe4 12. Nxe4 Qxh4 13. Nxd6+ Bxd6 14. Qxd6
Qe4 15. f3 Qd4+ 16. Qxd4 exd4 17. Re1+ Kf8 18. b3 Rd8 19. Bb2 f6 20. Rad1 d3 21.
Rd2 b5 22. Re3 bxc4 23. bxc4 Kf7 24. Rexd3 Rxd3 25. Rxd3 Rb8 26. Ba3 Rb1+ 27.
Kf2 Ra1 28. Rd2 Ke8 29. Ke3 Bd7 30. Kd4 Be6 31. Kc5 Kf7 32. g4 Rf1 33. Rd3 Rf2
34. Rc3 Rxa2 35. Kb6 Bxc4 36. Bd6 Be2 37. Re3 g5 38. h3 a5 39. f4 gxf4 40. Bxf4
Kg6 41. Re8 h5 42. Rg8+ Kf7 43. Rh8 hxg4 44. h4 Kg7 45. Rc8 a4 46. h5 Rb2+ 47.
Ka7 a3 48. h6+ Kg6 49. Rg8+ Kh7 50. Rg7+ Kh8 51. Bc1 Rb3 52. Bxa3 Rxa3+ 53. Kb6
Rh3 54. Rg6 Kh7 55. Rxf6 Rxh6 56. Rxh6+ Kxh6 {White resigns} 0-1

[Event "Team 45 45 League T94"]
[Site "Internet Chess Club"]
[Date "2022.10.29"]
[Round "3"]
[White "jfkingiii"]
[Black "julesraider"]
[Result "1-0"]
[WhiteElo "1504"]
[BlackElo "1595"]
[Opening "Caro-Kann: classical, Spassky variation"]
[ECO "B19"]
[Time "19:00:32"]
[PlyCount "109"]
[TimeControl "2700+45"]

1. e4 c6 2. d4 d5 3. Nc3 dxe4 4. Nxe4 Bf5 5. Ng3 Bg6 6. h4 h6 7. Nf3 Nd7 8. h5
Bh7 9. Bd3 Bxd3 10. Qxd3 e6 11. Bd2 Ngf6 12. O-O-O Be7 13. Ne4 Nxe4 14. Qxe4 Nf6
15. Qe2 O-O 16. Kb1 b5 17. Be3 a5 18. Ne5 Qd5 19. g4 Ne4 20. Rh3 b4 21. Qc4 Rfc8
22. Qxd5 cxd5 23. f3 Nd6 24. Rg1 Nc4 25. Nxc4 Rxc4 26. f4 Bf6 27. Rd1 Rac8 28.
Rh2 a4 29. g5 hxg5 30. fxg5 Be7 31. h6 Bd6 32. Rg2 g6 33. b3 axb3 34. cxb3 Rc3
35. Rc1 Rxc1+ 36. Bxc1 Rc3 37. Rc2 e5 38. Rxc3 bxc3 39. dxe5 Bxe5 40. Kc2 f5 41.
a4 f4 42. a5 Kf7 43. a6 Bd4 44. Bxf4 Ke7 45. h7 Kf7 46. h8=Q Bxh8 47. a7 d4 48.
a8=Q Bg7 49. Qc6 Bh8 50. Qd7+ Kg8 51. Qe6+ Kf8 52. Bd6+ Kg7 53. Be5+ Kh7 54.
Qf7+ Bg7 55. Qxg7# {Black checkmated} 1-0

[Event "Team 45 45 League T94"]
[Site "Internet Chess Club"]
[Date "2022.11.01"]
[Round "3"]
[White "mongmong"]
[Black "Gilguli"]
[Result "1-0"]
[WhiteElo "1502"]
[BlackElo "1400"]
[Opening "Queen's Pawn"]
[ECO "A41"]
[Time "17:31:45"]
[PlyCount "83"]
[TimeControl "2700+45"]

1. d4 d6 2. Nf3 g6 3. c4 Bg7 4. Nc3 e6 5. e4 Ne7 6. Bd3 O-O 7. O-O f5 8. exf5
exf5 9. Re1 Nd7 10. Bg5 h6 11. Bxe7 Qe8 12. Bxf8 Qxf8 13. Qe2 Nf6 14. Qe7 g5 15.
Qxf8+ Kxf8 16. h3 h5 17. Rac1 g4 18. hxg4 hxg4 19. Nh4 Nh5 20. Bxf5 Bxd4 21.
Bxc8 Rxc8 22. Nf5 Be5 23. Nd5 Kf7 24. Nh6+ Kg7 25. Nxg4 Rh8 26. g3 c6 27. Nde3
Bxb2 28. Rb1 Ba3 29. Rxb7+ Kg6 30. Rxa7 Bc5 31. Ra6 Ng7 32. Rxc6 Ne6 33. a4 Nd4
34. Ra6 Nf3+ 35. Kf1 Rh1+ 36. Kg2 Rxe1 37. Kxf3 Kg5 38. Ra8 Ra1 39. a5 Ra4 40.
a6 Bxe3 41. Nxe3 Ra3 42. a7 {Black resigns} 1-0

[Event "Team 45 45 League T94"]
[Site "Internet Chess Club"]
[Date "2022.10.28"]
[Round "3"]
[White "howah45"]
[Black "Toalla"]
[Result "1-0"]
[WhiteElo "1439"]
[BlackElo "1095"]
[Opening "Sicilian: Smith-Morra gambit"]
[ECO "B21"]
[Time "12:02:05"]
[PlyCount "67"]
[TimeControl "2700+45"]

1. e4 c5 2. d4 cxd4 3. c3 Nf6 4. e5 Nd5 5. Nf3 e6 6. cxd4 d6 7. a3 Bd7 8. Bc4
Nc6 9. O-O Be7 10. Bd2 O-O 11. Nc3 Nxc3 12. Bxc3 d5 13. Bd3 h6 14. Bc2 g6 15. g3
Qe8 16. Qd3 Kh7 17. h4 Rg8 18. h5 Bf8 19. Kg2 Ne7 20. Rh1 Bg7 21. Bb4 Rh8 22.
Bxe7 Qxe7 23. hxg6+ Kg8 24. gxf7+ Qxf7 25. Nh4 Be8 26. Raf1 Rc8 27. Bb1 a6 28.
Rc1 Rxc1 29. Rxc1 Qd7 30. Rc3 b5 31. Qc2 Bh5 32. Rc8+ Be8 33. Ng6 Kf7 34. Rc7
{Black resigns} 1-0